| TOP OF THE 1ST |
|
Kingsport Mets batting - Pitching for San Francisco (APP) Giants : RHP Rick Madden
|
|
Pitching: RHP Rick Madden
|
|
|
Batting: SHB Callum Lynch
|
0-0: Called Strike 0-1: TRIPLE (Flyball, 89XD, EV 97.5 MPH)
|
|
Batting: RHB Jack Nickleberry
|
0-0: Ball 1-0: Foul Ball, location: 2F 1-1: Ball 2-1: Foul Ball, location: 2F 2-2: Ball 3-2: Ground out 5-3 (Groundball, 56, EV 90.0 MPH) Callum Lynch scores
|
|
Batting: RHB Steve Page
|
0-0: Called Strike 0-1: Ball 1-1: Foul Ball, location: 2F 1-2: Ball 2-2: Foul Ball, location: 2F 2-2: Ground out U3 (Groundball, 13, EV 89.4 MPH)
|
|
Batting: RHB Kyle Holland
|
0-0: Called Strike 0-1: Swinging Strike 0-2: SINGLE (Groundball, 56D, EV 96.2 MPH)
|
|
Batting: SHB Jason Evans
|
0-0: Foul Ball, location: 2F 0-1: Ground out 4-3 (Groundball, 4, EV 105.0 MPH)
|
| Top of the 1st over - 1 run, 2 hits, 0 errors, 1 left on base; Kingsport 1 - San Francisco (APP) 0 |
| BOTTOM OF THE 1ST |
|
San Francisco (APP) Giants batting - Pitching for Kingsport Mets : RHP Brian Wood
|
|
Pitching: RHP Brian Wood
|
|
|
Batting: SHB David Barona
|
0-0: Ball 1-0: Ball 2-0: Ball 3-0: Called Strike 3-1: Called Strike 3-2: Strikes out swinging
|
|
Batting: RHB Frank Pena
|
0-0: Ball 1-0: Foul Ball, location: 2F 1-1: Called Strike 1-2: Ground out 6-3 (Groundball, 6, EV 99.4 MPH)
|
|
Batting: RHB Jason Gregor
|
0-0: Called Strike 0-1: Called Strike 0-2: Foul Ball, location: 2F 0-2: Ball 1-2: Ball 2-2: Ball 3-2: Ground out 4-3 (Groundball, 4, EV 82.5 MPH)
|
| Bottom of the 1st over - 0 runs, 0 hits, 0 errors, 0 left on base; Kingsport 1 - San Francisco (APP) 0 |
| TOP OF THE 2ND |
|
Kingsport Mets batting - Pitching for San Francisco (APP) Giants : RHP Rick Madden
|
|
Batting: RHB Jerry Burch
|
0-0: Ball 1-0: Called Strike 1-1: Fly out, F9 (Flyball, 9S, EV 76.2 MPH)
|
|
Batting: RHB Coltin Nellis
|
0-0: Foul Ball, location: 2F 0-1: Foul Ball, location: 2F 0-2: Ball 1-2: Ball 2-2: Ground out 5-3 (Groundball, 5L, EV 83.1 MPH)
|
|
Batting: RHB Danny Runberg
|
0-0: Fly out, F7 (Flyball, 7LM, EV 93.8 MPH)
|
| Top of the 2nd over - 0 runs, 0 hits, 0 errors, 0 left on base; Kingsport 1 - San Francisco (APP) 0 |
| BOTTOM OF THE 2ND |
|
San Francisco (APP) Giants batting - Pitching for Kingsport Mets : RHP Brian Wood
|
|
Batting: RHB Teruhide Horiuchi
|
0-0: Ball 1-0: Ball 2-0: Ball 3-0: Base on Balls
|
|
Batting: RHB Dinand Brouwer
|
0-0: Called Strike 0-1: Ball 1-1: Called Strike 1-2: Foul Ball, location: 2F 1-2: Ball 2-2: DOUBLE (Line Drive, 78D, EV 112.5 MPH) Teruhide Horiuchi to third Runner from 3rd tries for Home, throw by CF and OUT! 8-6-2
|
|
Batting: RHB Pedro Quezada
|
0-0: Ground out 5-3 (Groundball, 56S, EV 86.9 MPH)
|
|
Batting: RHB Ed Broomhead
|
0-0: Called Strike 0-1: Ball 1-1: SINGLE (Groundball, 34D, EV 96.9 MPH) Dinand Brouwer to third
|
|
Batting: RHB Sadataka Kuwahara
|
0-0: Ball 1-0: Foul Ball, location: 2F 1-1: Swinging Strike 1-2: Foul Ball, location: 2F 1-2: Foul Ball, location: 2F 1-2: Ball 2-2: Strikes out swinging
|
| Bottom of the 2nd over - 0 runs, 2 hits, 0 errors, 2 left on base; Kingsport 1 - San Francisco (APP) 0 |
| TOP OF THE 3RD |
|
Kingsport Mets batting - Pitching for San Francisco (APP) Giants : RHP Rick Madden
|
|
Batting: LHB Mototsune Suzuki
|
0-0: Swinging Strike 0-1: Ball 1-1: Ball 2-1: Foul Ball, location: 2F 2-2: SINGLE (Line Drive, 34, EV 94.4 MPH)
|
|
Batting: SHB Callum Lynch
|
0-0: Swinging Strike 0-1: Ball 1-1: Called Strike 1-2: SINGLE (Groundball, 6MD, EV 105.0 MPH) Mototsune Suzuki to second
|
|
Batting: RHB Jack Nickleberry
|
0-0: Ball 1-0: Swinging Strike 1-1: Ball 2-1: Foul Ball, location: 2F 2-2: Fly out, F9 (Flyball, 9, EV 71.9 MPH)
|
|
Batting: RHB Steve Page
|
0-0: SINGLE (Line Drive, 5D, EV 105.6 MPH) Mototsune Suzuki to third Callum Lynch to second
|
|
Batting: RHB Kyle Holland
|
0-0: Ball 1-0: Ball 2-0: Fielders Choice at 2nd, 6-4 (Groundball, 6D, EV 103.1 MPH) Mototsune Suzuki scores Callum Lynch to third
|
|
Batting: SHB Jason Evans
|
0-0: Ball 1-0: Ball 2-0: Called Strike 2-1: SINGLE (Groundball, 34S, EV 68.1 MPH) (infield hit) Callum Lynch scores Kyle Holland to second
|
|
Batting: RHB Jerry Burch
|
0-0: Ball 1-0: Foul Ball, location: 2F 1-1: Foul Ball, location: 2F 1-2: Ball 2-2: Foul Ball, location: 2F 2-2: Ground out 3-1 (Groundball, 34S, EV 83.1 MPH)
|
| Top of the 3rd over - 2 runs, 4 hits, 0 errors, 2 left on base; Kingsport 3 - San Francisco (APP) 0 |
| BOTTOM OF THE 3RD |
|
San Francisco (APP) Giants batting - Pitching for Kingsport Mets : RHP Brian Wood
|
|
Batting: RHB Alexis Andrade
|
0-0: Foul Ball, location: 2F 0-1: Swinging Strike 0-2: Strikes out looking
|
|
Batting: SHB David Barona
|
0-0: Ball 1-0: TRIPLE (Line Drive, 89XD, EV 104.4 MPH)
|
|
Batting: RHB Frank Pena
|
0-0: Ball 1-0: Ball 2-0: Ground out 5-3 (Groundball, 56, EV 101.2 MPH) David Barona scores
|
|
Batting: RHB Jason Gregor
|
0-0: Called Strike 0-1: Ground out 6-3 (Groundball, 56, EV 80.6 MPH)
|
| Bottom of the 3rd over - 1 run, 1 hit, 0 errors, 0 left on base; Kingsport 3 - San Francisco (APP) 1 |
| TOP OF THE 4TH |
|
Kingsport Mets batting - Pitching for San Francisco (APP) Giants : RHP Rick Madden
|
|
Batting: RHB Coltin Nellis
|
0-0: Swinging Strike 0-1: Ground out 4-3 (Groundball, 4, EV 101.2 MPH)
|
|
Batting: RHB Danny Runberg
|
0-0: Foul Ball, location: 2F 0-1: Foul Ball, location: 2F 0-2: Strikes out swinging
|
|
Batting: LHB Mototsune Suzuki
|
0-0: Ground out 5-3 (Groundball, 5, EV 108.1 MPH)
|
| Top of the 4th over - 0 runs, 0 hits, 0 errors, 0 left on base; Kingsport 3 - San Francisco (APP) 1 |
| BOTTOM OF THE 4TH |
|
San Francisco (APP) Giants batting - Pitching for Kingsport Mets : RHP Brian Wood
|
|
Batting: RHB Teruhide Horiuchi
|
0-0: Fly out, F4 (Popup, 34D, EV 53.8 MPH)
|
|
Batting: RHB Dinand Brouwer
|
0-0: Ball 1-0: Foul Ball, location: 2F 1-1: Swinging Strike 1-2: Foul Ball, location: 2F 1-2: Fly out, F8 (Flyball, 8LD, EV 75.0 MPH)
|
|
Batting: RHB Pedro Quezada
|
0-0: Ball 1-0: Called Strike 1-1: Called Strike 1-2: Ball 2-2: Foul Ball, location: 2F 2-2: Foul Ball, location: 2F 2-2: Strikes out looking
|
| Bottom of the 4th over - 0 runs, 0 hits, 0 errors, 0 left on base; Kingsport 3 - San Francisco (APP) 1 |
| TOP OF THE 5TH |
|
Kingsport Mets batting - Pitching for San Francisco (APP) Giants : RHP Rick Madden
|
|
Batting: SHB Callum Lynch
|
0-0: Ball 1-0: Ball 2-0: Called Strike 2-1: Foul Ball, location: 2F 2-2: Ground out 6-3 (Groundball, 6, EV 88.8 MPH)
|
|
Batting: RHB Jack Nickleberry
|
0-0: Ground out 5-3 (Groundball, 56S, EV 68.1 MPH)
|
|
Batting: RHB Steve Page
|
0-0: Called Strike 0-1: Ball 1-1: Foul Ball, location: 2F 1-2: SINGLE (Groundball, 34D, EV 96.9 MPH)
|
|
Batting: RHB Kyle Holland
|
0-0: Ball 1-0: Ball 2-0: Ball 3-0: Called Strike 3-1: Fly out, F5 (Line Drive, 5, EV 66.9 MPH)
|
| Top of the 5th over - 0 runs, 1 hit, 0 errors, 1 left on base; Kingsport 3 - San Francisco (APP) 1 |
| BOTTOM OF THE 5TH |
|
San Francisco (APP) Giants batting - Pitching for Kingsport Mets : RHP Brian Wood
|
|
Batting: RHB Ed Broomhead
|
0-0: Ball 1-0: Called Strike 1-1: SINGLE (Groundball, 6MD, EV 94.4 MPH)
|
|
Batting: RHB Sadataka Kuwahara
|
0-0: Foul Ball, location: 2F 0-1: Called Strike 0-2: Strikes out swinging
|
|
Batting: RHB Alexis Andrade
|
0-0: Ball 1-0: Swinging Strike 1-1: Ball 2-1: Called Strike 2-2: Fielders Choice at 2nd, 3-6 (Groundball, 3S, EV 89.4 MPH)
|
|
Batting: SHB David Barona
|
0-0: Called Strike Alexis Andrade steals 2nd base 0-1: SINGLE (Groundball, 25, EV 76.2 MPH) (infield hit) Alexis Andrade to third
|
|
Batting: RHB Frank Pena
|
0-0: Swinging Strike 0-1: Ball 1-1: Called Strike David Barona steals 2nd, throwing error, E2 Alexis Andrade scores David Barona to third 1-2: Ball 2-2: SINGLE (Groundball, 6MD, EV 101.2 MPH) David Barona scores
|
|
Batting: RHB Jason Gregor
|
0-0: Ball Frank Pena steals 2nd base 1-0: Called Strike 1-1: Swinging Strike 1-2: Ball 2-2: Ball 3-2: Strikes out looking
|
| Bottom of the 5th over - 2 runs, 3 hits, 1 error, 1 left on base; Kingsport 3 - San Francisco (APP) 3 |
| TOP OF THE 6TH |
|
Kingsport Mets batting - Pitching for San Francisco (APP) Giants : RHP Rick Madden
|
|
Pitching: RHP Chance Robinson
|
|
|
Batting: SHB Jason Evans
|
0-0: Ball 1-0: Foul Ball, location: 2F 1-1: Foul Ball, location: 2F 1-2: Foul Ball, location: 2F 1-2: Ball 2-2: Foul Ball, location: 2F 2-2: DOUBLE (Groundball, 3L, EV 102.5 MPH)
|
|
Batting: RHB Jerry Burch
|
0-0: Foul Ball, location: 2F 0-1: Ball 1-1: SINGLE (Groundball, 6MD, EV 95.0 MPH) Jason Evans to third
|
|
Batting: RHB Coltin Nellis
|
0-0: Called Strike 0-1: Ball 1-1: Fielders Choice at 2nd, 1-6 (Groundball, 13S, EV 66.9 MPH)
|
|
Batting: RHB Danny Runberg
|
0-0: Ball 1-0: Swinging Strike 1-1: Fly out, F9 (Line Drive, 9D, EV 96.2 MPH) Runner from 3rd tags up, SCORES, throw by RF
|
|
Pitching: RHP Nick McDade
|
|
|
Batting: LHB Mototsune Suzuki
|
0-0: Ball 1-0: Ground out 4-3 (Groundball, 4, EV 99.4 MPH)
|
| Top of the 6th over - 1 run, 2 hits, 0 errors, 1 left on base; Kingsport 4 - San Francisco (APP) 3 |
| BOTTOM OF THE 6TH |
|
San Francisco (APP) Giants batting - Pitching for Kingsport Mets : RHP Brian Wood
|
|
Pitching: RHP Danny Helm
|
|
|
Batting: RHB Teruhide Horiuchi
|
0-0: Ground out U3 (Groundball, 34, EV 97.5 MPH)
|
|
Batting: RHB Dinand Brouwer
|
0-0: Ball 1-0: Called Strike 1-1: Foul Ball, location: 2F 1-2: Fly out, F6 (Popup, 4MS, EV 69.4 MPH)
|
|
Batting: RHB Pedro Quezada
|
0-0: Ball 1-0: Swinging Strike 1-1: Fly out, F8 (Flyball, 8RXD, EV 100.6 MPH)
|
| Bottom of the 6th over - 0 runs, 0 hits, 0 errors, 0 left on base; Kingsport 4 - San Francisco (APP) 3 |
| TOP OF THE 7TH |
|
Kingsport Mets batting - Pitching for San Francisco (APP) Giants : RHP Nick McDade
|
|
Batting: SHB Callum Lynch
|
0-0: Ball 1-0: Ball 2-0: Foul Ball, location: 2F 2-1: Called Strike 2-2: Foul Ball, location: 2F 2-2: Ball 3-2: Base on Balls
|
|
Batting: RHB Jack Nickleberry
|
0-0: Ball 1-0: Ball 2-0: Sac Bunt to 13 - play at first, batter OUT! 1-4 Callum Lynch to second
|
|
Batting: RHB Steve Page
|
0-0: Swinging Strike 0-1: Ball 1-1: Ground out 5-3 (Groundball, 56S, EV 68.8 MPH) Callum Lynch to third
|
|
Batting: RHB Kyle Holland
|
0-0: Ball Wild Pitch! Callum Lynch scores 1-0: Swinging Strike 1-1: Ball 2-1: Ball 3-1: Fly out, F7 (Flyball, 78M, EV 76.9 MPH)
|
| Top of the 7th over - 1 run, 0 hits, 0 errors, 0 left on base; Kingsport 5 - San Francisco (APP) 3 |
| BOTTOM OF THE 7TH |
|
San Francisco (APP) Giants batting - Pitching for Kingsport Mets : RHP Danny Helm
|
|
Batting: RHB Ed Broomhead
|
0-0: Called Strike 0-1: Ball 1-1: DOUBLE (Flyball, 78D, EV 96.9 MPH)
|
|
Batting: RHB Sadataka Kuwahara
|
0-0: Ball 1-0: Ball 2-0: Ball 3-0: Base on Balls
|
|
Batting: RHB Alexis Andrade
|
0-0: Ball 1-0: Fly out, F3 (Line Drive, 3, EV 63.1 MPH) Lined into DP, 3-6 (Line Drive, 3, EV 63.8 MPH)
|
|
Batting: SHB David Barona
|
0-0: Ball Sadataka Kuwahara steals 2nd base 1-0: Called Strike 1-1: Foul Ball, location: 2F 1-2: Ball 2-2: Strikes out swinging
|
| Bottom of the 7th over - 0 runs, 1 hit, 0 errors, 1 left on base; Kingsport 5 - San Francisco (APP) 3 |
| TOP OF THE 8TH |
|
Kingsport Mets batting - Pitching for San Francisco (APP) Giants : RHP Nick McDade
|
|
Pitching: RHP Hiroaki Yazawa
|
|
|
Batting: SHB Jason Evans
|
0-0: Called Strike 0-1: Ball 1-1: Foul Ball, location: 2F 1-2: Ball 2-2: Fly out, F8 (Flyball, 78D, EV 92.5 MPH)
|
|
Batting: RHB Jerry Burch
|
0-0: Foul Ball, location: 2F 0-1: Ground out 3-1 (Groundball, 34, EV 88.8 MPH)
|
|
Batting: RHB Coltin Nellis
|
0-0: Ball 1-0: Called Strike 1-1: Ball 2-1: Foul Ball, location: 2F 2-2: Ball 3-2: Foul Ball, location: 2F 3-2: Base on Balls
|
|
Batting: RHB Danny Runberg
|
0-0: Ball 1-0: Ball 2-0: Fly out, F8 (Line Drive, 8RXD, EV 106.2 MPH)
|
| Top of the 8th over - 0 runs, 0 hits, 0 errors, 1 left on base; Kingsport 5 - San Francisco (APP) 3 |
| BOTTOM OF THE 8TH |
|
San Francisco (APP) Giants batting - Pitching for Kingsport Mets : RHP Danny Helm
|
|
Pitching: RHP Gabe Kelso
|
|
|
Batting: RHB Frank Pena
|
0-0: Foul Ball, location: 2F 0-1: Foul Ball, location: 2F 0-2: Ball 1-2: Ball 2-2: Fly out, F9 (Flyball, 9D, EV 86.2 MPH)
|
|
Batting: RHB Jason Gregor
|
0-0: Called Strike 0-1: Ball 1-1: Ball 2-1: SINGLE (Groundball, 4MD, EV 101.9 MPH)
|
|
Batting: RHB Teruhide Horiuchi
|
0-0: Called Strike 0-1: Foul Ball, location: 2F 0-2: Hit by Pitch Jason Gregor to second
|
|
Batting: RHB Dinand Brouwer
|
0-0: Foul Ball, location: 2F 0-1: Ground out 5-3 (Groundball, 56S, EV 73.1 MPH) Jason Gregor to third Teruhide Horiuchi to second
|
|
Batting: RHB Pedro Quezada
|
0-0: Foul Ball, location: 2F 0-1: Swinging Strike 0-2: Ball 1-2: Ground out 4-3 (Groundball, 4, EV 98.8 MPH)
|
| Bottom of the 8th over - 0 runs, 1 hit, 0 errors, 2 left on base; Kingsport 5 - San Francisco (APP) 3 |
| TOP OF THE 9TH |
|
Kingsport Mets batting - Pitching for San Francisco (APP) Giants : RHP Hiroaki Yazawa
|
|
Pitching: RHP Filip Nebylitsin
|
|
|
Batting: LHB Mototsune Suzuki
|
0-0: Ball 1-0: Called Strike 1-1: Swinging Strike 1-2: Ball 2-2: Strikes out swinging
|
|
Batting: SHB Callum Lynch
|
0-0: Called Strike 0-1: Called Strike 0-2: Foul Ball, location: 2F 0-2: Ball 1-2: Strikes out looking
|
|
Batting: RHB Jack Nickleberry
|
0-0: Foul Ball, location: 2F 0-1: Foul Ball, location: 2F 0-2: Strikes out swinging
|
| Top of the 9th over - 0 runs, 0 hits, 0 errors, 0 left on base; Kingsport 5 - San Francisco (APP) 3 |
| BOTTOM OF THE 9TH |
|
San Francisco (APP) Giants batting - Pitching for Kingsport Mets : RHP Gabe Kelso
|
|
Pitching: LHP Mike Mathews
|
|
|
Batting: RHB Ed Broomhead
|
0-0: Ball 1-0: Foul Ball, location: 2F 1-1: Called Strike 1-2: SINGLE (Groundball, 4MD, EV 98.1 MPH)
|
|
Batting: RHB Sadataka Kuwahara
|
0-0: Fielders Choice at 2nd, 3-6 (Groundball, 34S, EV 83.8 MPH)
|
|
Batting: RHB Alexis Andrade
|
0-0: Ball 1-0: Ball 2-0: Called Strike 2-1: Swinging Strike 2-2: Strikes out swinging
|
|
Batting: SHB David Barona
|
0-0: Ball 1-0: Ground out 6-3 (Groundball, 6S, EV 65.0 MPH)
|
| Bottom of the 9th over - 0 runs, 1 hit, 0 errors, 1 left on base; Kingsport 5 - San Francisco (APP) 3 |
|